 Dungeon Crawl Stone Soup version 0.20-a0-303-g575bbf7 (webtiles) character file.

228 Gorice the Bolt Thrower (level 6, -1/35 HPs)
             Began as a Kobold Arcane Marksman on Dec 17, 2016.
             Slain by an ogre
             ... wielding a +0 giant club
              (11 damage)
             ... on level 3 of the Dungeon.
             The game lasted 00:21:50 (6052 turns).

Gorice the Bolt Thrower (Kobold Arcane Marksman)    Turns: 6052, Time: 00:21:51

Health: -1/35      AC:  5    Str: 10    XL:     6   Next: 22%
Magic:  4/7        EV: 12    Int: 15    God:
Gold:   144        SH:  0    Dex: 14    Spells: 3/7 levels left

rFire  . . .     SeeInvis .     a - +2 dagger (venom)
rCold  . . .     Gourm    .     h - +0 ring mail
rNeg   . . .     Faith    .     (shield restricted)
rPois  .         Spirit   .     (no helmet)
rElec  .         Reflect  .     (no cloak)
rCorr  .         Harm     .     (no gloves)
MR     +....                    (no boots)
Stlth  +.........               (no amulet)
                                v - ring of protection from magic
                                m - ring of wizardry

@: drained
A: carnivore 3
a: no special abilities


You were on level 3 of the Dungeon.
You were very full.

You visited 1 branch of the dungeon, and saw 3 of its levels.

You collected 144 gold pieces.

Inventory:

Hand Weapons
 a - a +2 dagger of venom (weapon)
   (You took it off a goblin on level 3 of the Dungeon)
 b - a +0 hunting sling
 g - a +0 quarterstaff
 k - a +0 dagger
 o - a cursed +0 short sword
 t - a +0 blowgun
 w - a +0 short sword
 y - a +0 spear of venom
   (You took it off a gnoll on level 3 of the Dungeon)
 B - a +0 hand crossbow
 G - a +0 dagger of draining
   (You took it off an orc wizard on level 3 of the Dungeon)
 H - a +2 dagger of speed
   (You took it off a kobold on level 3 of the Dungeon)
Missiles
 d - 6 bolts
 l - 5 poisoned needles
 z - 7 tomahawks
 C - 10 sling bullets
 Z - 69 stones (quivered)
Armour
 e - a +0 robe
 h - a +0 ring mail (worn)
 D - a +0 scale mail
Jewellery
 m - a ring of wizardry (left hand)
 s - a +2 ring of intelligence
 v - a ring of protection from magic (right hand)
 F - a +4 ring of dexterity
Scrolls
 E - a scroll of enchant weapon {unknown}
Potions
 i - 2 potions of might {!q}
 j - a potion of degeneration {unknown}
 n - a potion of cancellation {unknown}
 p - a potion of brilliance {unknown}
 q - a potion of ambrosia
 u - a potion of haste {!q}
Books
 c - a book of Debilitation
 x - a book of Cantrips
Comestibles
 f - 6 meat rations {!e}
 r - a royal jelly


   Skills:
 + Level 1.8(0.9) Fighting
 + Level 0.0 Short Blades
 - Level 5.0(4.1) Crossbows
 - Level 2.4(1.5) Dodging
 - Level 1.1(0.2) Spellcasting
 + Level 5.0(4.1) Hexes


You had 3 spell levels left.
You knew the following spells:

 Your Spells              Type           Power        Failure   Level  Hunger
a - Corona                Hex            ##.....      6%          1    ##.....
b - Slow                  Hex            ##......     9%          2    ###....
A - Apportation           Tloc           #.........   38%         1    ##.....


Dungeon Overview and Level Annotations

Branches:
Dungeon (3/15)

Altars:


Innate Abilities, Weirdness & Mutations

You are small and have problems with some larger weapons.
You are carnivorous and can eat meat at any time.


Message History

Confirm with . or Enter, or press ? or * to list all spells.
Aiming: Slow
Press: ? - help, Shift-Dir - straight line, f - ogre
Aim: an ogre, wielding a giant club (chance to defeat MR: 49%)
The ogre resists with some effort.
Casting: Slow
Confirm with . or Enter, or press ? or * to list all spells.
Aiming: Slow
Press: ? - help, Shift-Dir - straight line, f/p - ogre
Aim: an ogre, wielding a giant club (chance to defeat MR: 49%)
The ogre seems to slow down.
The ogre barely misses you.
Wield which item (- for none, * to show all)? (? for menu, Esc to quit)
Your +2 dagger of venom stops dripping with poison.
b - a +0 hunting sling (weapon)
Firing (i - inventory. (,) - cycle):
C - 12 sling bullets (quivered)
Press: ? - help, Shift-Dir - straight line, f/p - ogre
Aim: an ogre, wielding a giant club (slow)
You shoot a sling bullet.
The sling bullet barely misses the ogre.
Casting: Slow
Confirm with . or Enter, or press ? or * to list all spells.
Aiming: Corona
Press: ? - help, Shift-Dir - straight line, f/p - ogre
Aim: an ogre, wielding a giant club (slow, chance to defeat MR: 49%)
The ogre is outlined in light.
Firing (i - inventory. (,) - cycle):
C - 11 sling bullets (quivered)
Press: ? - help, Shift-Dir - straight line, f/p - ogre
Aim: an ogre, wielding a giant club (slow, softly glowing)
You shoot a sling bullet. The sling bullet hits the ogre!
The ogre is moderately wounded.
Wield which item (- for none, * to show all)? (? for menu, Esc to quit)
Your +2 dagger of venom begins to drip with poison!
a - a +2 dagger of venom (weapon)
Throwing (i - inventory. (,) - cycle):
Z - 70 stones (quivered)
Press: ? - help, Shift-Dir - straight line, f/p - ogre
Aim: an ogre, wielding a giant club (moderately wounded, slow, softly glowing)
You throw a stone.
The stone hits the ogre but does no damage.
The ogre is moderately wounded.
The ogre is no longer moving slowly.
You hit the ogre but do no damage.
The ogre is moderately wounded.
The ogre hits you with a giant club!!
Ouch! That really hurt!
* * * LOW HITPOINT WARNING * * *
Damage: 26 (max 26)
There is an open door here.
The ogre stops glowing.
The ogre hits you with a giant club!
You die...

.#####.#(# #####'###.....##.####
.#####.#.##### #.# #........####
.#.....#..(..# #.# #............
.##.########.# #.# #...#........
.##.# ###'####.###............
.##.## #......#.#..........####
.....# #......'.#.##.......####
##########.....O###..............
'[.......'......@)..........>###.
##########......################'
# #...............##...... #
#.......#######.##...... #
#.......# #.##...... # #######.#
#.##...... # #.# #.##...... #.#
###.##...... #.# #go.........


You could see an ogre.

Vanquished Creatures
  A bullfrog skeleton (D:3)
  2 orc wizards (D:3)
  2 gnolls
  An adder (D:1)
  An ooze (D:3)
  6 worms
  3 leopard geckos
  14 orcs
  5 bats
  6 giant cockroaches
  5 hobgoblins
  5 jackals (D:1)
  13 kobolds
  A quokka (D:1)
  5 frilled lizards
  5 goblins
  A quokka zombie (D:3)
  6 rats
82 creatures vanquished.

Notes
Turn   | Place    | Note
-------+----------+-------------------------------------------
     0 | D:1      | Gorice the Kobold Arcane Marksman began the quest for the Orb.
     0 | D:1      | Reached XP level 1. HP: 12/12 MP: 2/2
   100 | D:1      | Reached XP level 2. HP: 9/16 MP: 0/3
   109 | D:1      | Reached skill level 3 in Crossbows
   450 | D:1      | Reached XP level 3. HP: 20/20 MP: 2/4
   542 | D:1      | Learned a level 2 spell: Slow
  1431 | D:2      | Reached XP level 4. HP: 17/25 MP: 5/5
  1648 | D:2      | Reached skill level 4 in Hexes
  1701 | D:2      | Reached skill level 4 in Crossbows
  2040 | D:3      | Noticed an ogre
  2958 | D:3      | Reached XP level 5. HP: 26/29 MP: 4/6
  3769 | D:3      | Learned a level 1 spell: Apportation
  3976 | D:3      | HP: 3/29 [gnoll/halberd (10)]
  4811 | D:3      | Reached skill level 5 in Crossbows
  4977 | D:3      | Reached XP level 6. HP: 34/34 MP: 7/7
  5052 | D:3      | HP: 10/34 [poisoned by a goblin]
  5057 | D:3      | HP: 6/34 [orc wizard/puff of frost (3)]
  5058 | D:3      | HP: 1/34 [orc wizard/puff of frost (7)]
  5076 | D:3      | Reached skill level 5 in Hexes
  5587 | D:3      | HP: 2/35 [orc priest/divine providence (13)]
  6046 | D:3      | HP: 9/35 [ogre/giant club (26)]
  6052 | D:3      | Slain by an ogre

Vault maps used:
D:1:      zaba_arrival_water, minmay_crystal_room
D:2:      kennysheep_nondescript

Skill      XL: |  1  2  3  4  5  6 |
---------------+-------------------+-----
Crossbows      | 3 4 5 |  5.0
Hexes          | 4 5 |  5.0
Fighting       | |  1.8
Dodging        | |  2.4
Spellcasting   | |  1.1

Action                   |  1- 3 |  4- 6 || total
-------------------------+-------+-------++-------
Melee: Dagger            |       |   137 ||   137
       Short sword       |       |     2 ||     2
 Fire: Hand crossbow     |    84 |    47 ||   131
       Hunting sling     |       |    43 ||    43
Throw: Stone             |       |     2 ||     2
 Cast: Corona            |    26 |    54 ||    80
       Slow              |     1 |    19 ||    20
  Use: Scroll            |     3 |     4 ||     7
       Potion            |       |     1 ||     1
  Eat: Chunk             |    11 |    16 ||    27
Armor: Robe              |     4 |     6 ||    10
       Ring mail         |       |    33 ||    33
Dodge: Dodged            |    37 |   121 ||   158

Table legend:
 A = Turns spent in this place as a percentage of turns spent in the entire game.
 B = Non-inter-level travel turns spent in this place as a percentage of non-inter-level travel turns spent in the entire game.
 C = Inter-level travel turns spent in this place as a percentage of turns spent in this place.
 D = Turns resting spent in this place as a percentage of non-inter-level travel turns spent in this place.
 E = Turns spent auto-exploring this place as a percentage of non-inter-level travel turns spent in this place.
 F = Non-inter-level travel turns spent in this place divided by the number of levels of this place that you've seen.
                   A       B       C       D       E      F
               +-------+-------+-------+-------+-------+----------------------
         Total | 100.0 | 100.0 |   0.9 |   2.3 |   3.3 | 639.3
       Dungeon | 100.0 | 100.0 |   0.9 |   2.3 |   3.3 | 639.3
               +-------+-------+-------+-------+-------+----------------------

Vault maps used:
D:1:      zaba_arrival_water, minmay_crystal_room
D:2:      kennysheep_nondescript
